 Dungeon Sprint DCSS version 0.22-a0-750-ga7dcef7 (webtiles) character file.

128 collin38 the Nimble (level 8, -8/54 HPs)
             Began as a Deep Elf Fire Elementalist on July 15, 2018.
             Was a High Priest of Vehumet.
             Killed from afar by Aizul (24 damage)
             ... with a bolt of poison
             ... in the Dungeon (Sprint VI: "Thunderdome").
             The game lasted 00:10:54 (802 turns).

collin38 the Nimble (Deep Elf Fire Elementalist)     Turns: 802, Time: 00:10:55

Health: -8/54      AC:  5    Str:  5    XL:     8   Next: 52%
Magic:  13/21      EV: 18    Int: 20    God:    Vehumet [*****.]
Gold:   21         SH:  5    Dex: 15    Spells: 8/22 levels left

rFire    + . .     SeeInvis +   (no weapon)
rCold    . . .     Gourm    .   o - +0 buckler
rNeg     . . .     Faith    .   p - +0 troll leather armour
rPois    .         Spirit   .   (no helmet)
rElec    +         Reflect  .   m - +0 cloak
rCorr    .         Harm     .   (no gloves)
MR       .....     NoTele   +   (no boots)
Stlth    ++........             n - amulet of Plog {+Fly Regen+ Int-5 Slay+2 SInv}
HPRegen  0.98/turn              q - ring "Gitzoh" {*Corrode rElec rF+ Int+2}
MPRegen  0.17/turn              (no ring)

@: lethally poisoned (-8 -> -20), drained
A: no striking features
a: Renounce Religion, Evoke Flight


You were in the Dungeon.
You worshipped Vehumet.
Vehumet was extremely pleased with you.
You were very hungry.

You visited 1 branch You collected 390 gold pieces.
You spent 369 gold pieces at shops.

Inventory:

Armour
 a - a +0 robe
 m - a +0 cloak (worn)
 o - a +0 buckler (worn)
 p - a +0 troll leather armour (worn)
Jewellery
 g - the amulet "Vak Jerch" {Harm *Drain rPois}
   (You bought it in a shop in the Dungeon)

   [amulet of harm]

   It increases damage dealt and taken.
   It protects you from poison.
   It causes draining when unequipped.
 n - the amulet of Plog (around neck) {+Fly Regen+ Int-5 Slay+2 SInv}
   (You bought it in a shop in the Dungeon)

   [amulet of regeneration]

   It affects your intelligence (-5).
   It affects your accuracy and damage with ranged weapons and melee attacks
   (+2).
   It lets you see invisible.
   It lets you fly.
   It increases your rate of regeneration.
 q - the ring "Gitzoh" (left hand) {*Corrode rElec rF+ Int+2}
   (You bought it in a shop in the Dungeon)

   [ring of protection from fire]

   It affects your intelligence (+2).
   It protects you from fire.
   It insulates you from electricity.
   It may corrode you when you take damage.
Wands
 j - a wand of acid (3)
 k - a wand of iceblast (3)
Scrolls
 i - 4 scrolls of blinking
 l - 3 scrolls of fog
Potions
 b - a potion of resistance
 d - a potion of curing
 e - a potion of heal wounds
 f - 3 potions of haste
 h - a potion of berserk rage
Comestibles
 c - a ration


   Skills:
 + Level 7.7(6.9) Fighting
 + Level 11.2(10.4) Dodging
 - Level 2.4(1.7) Stealth
 - Level 6.1(5.4) Shields
 - Level 7.5(6.8) Spellcasting
 - Level 8.3(7.5) Conjurations
 - Level 8.9(8.2) Fire Magic


You had 8 spell levels left.
You knew the following spells:

 Your Spells              Type           Power        Failure   Level  Hunger
a - Flame Tongue          Conj/Fire      #####        1%          1    None
b - Shock                 Conj/Air       ###.         1%          1    None
c - Sticky Flame          Conj/Fire      #####...     1%          4    ###....
d - Conjure Flame         Conj/Fire      #####...     1%          3    #......
e - Fireball              Conj/Fire      #####.....   4%          5    #####..

Your spell library contained the following spells:

 Spells                   Type           Power        Failure   Level  Hunger
 Throw Flame              Conj/Fire      #####.       1%          2    None
 Inner Flame              Hex/Fire       ###.....     2%          3    #......


Dungeon Overview and Level Annotations

Branches:
Dungeon (1/1)

Altars:
Cheibriados
Dithmenos
Fedhas
Gozag
Kikubaaqudgha
Makhleb
Okawaru
Qazlal
Ru
Sif Muna
Trog
Uskayaw
Vehumet
Wu Jian
Xom
Yredelemnul
Zin
The Shining One
Beogh
Jiyva
Lugonu

Shops:
D *[%??*?*:[((!!!!

Annotations:
D Aizul


Message History

The bolt of poison hits you!
You are more poisoned.
Evoke which item? (* to show all) (? for menu, Esc to quit)
Okay, then.
Evoke which item? (* to show all) (? for menu, Esc to quit)
Aiming: Iceblast
Press: ? - help, Shift-Dir - straight line, p - Aizul The mass of ice explodes!
The iceblast engulfs Aizul.
Aizul is lightly wounded.
You feel very sick. Aizul barely misses you.
Unknown command.
You feel sick. Aizul casts a spell at you. The bolt of poison misses you.
You feel sick. Aizul casts a spell at you. The bolt of poison hits you!
You are more poisoned.
You die...

######.8.....)...8.######
##∩.__....).###.)....___∩##
###∩........8)# #.8........∩##
##..........).)###.............
#⌠..........###...###..........
#⌠..........# #.<.# #..........
#⌠..........###S..###..........
##.............###)............
###∩........8@# #)8........∩##
##∩___......###......___∩##
######)8.........8.######
#⌠...........⌠# ###.........###
#_......._# #_......._#
#.........# #∩.......∩#


You could see Aizul.

Vanquished Creatures
  A two-headed ogre (D)
  Menkaure (D)
  A naga (D)
  A water moccasin (D)
  4 ogres (D)
  A hound (D)
  Crazy Yiuf (D)
  5 mummies (D)
  3 gnolls (D)
  4 adders (D)
  A ball python (D)
23 creatures vanquished.

Notes
Turn   | Place    | Note
-------+----------+-------------------------------------------
     0 | D        | collin38 the Deep Elf Fire Elementalist began the quest for the Orb.
     0 | D        | Reached XP level 1. HP: 10/10 MP: 6/6
     0 | D        | Found a glowing silver altar of Zin.
     0 | D        | Found an iron altar of Okawaru.
     4 | D        | Found a stormy altar of Qazlal.
     4 | D        | Found a roughly hewn altar of Beogh.
     5 | D        | Found a basalt altar of Yredelemnul.
     5 | D        | Found an ornate altar of the Wu Jian Council.
     5 | D        | Round 1.
     6 | D        | Found Caxizao's Distillery.
     6 | D        | Found a burning altar of Makhleb.
     6 | D        | Found a hide-covered altar of Uskayaw.
     6 | D        | Found Sots's Do-It-Yourself Clinic.
     7 | D        | Found Qoromiod's Distillery.
     7 | D        | Found Siec's Bottled Wisdom.
    11 | D        | Found an opulent altar of Gozag.
    17 | D        | Found a deep blue altar of Sif Muna.
    19 | D        | Found Totypriu's Weapon Rack.
    21 | D        | Found a snail-covered altar of Cheibriados.
    21 | D        | Found a viscous altar of Jiyva.
    21 | D        | Found Husiem's Premium Goods.
    21 | D        | Found Huruzis's Basic Armour.
    21 | D        | Found Haoffes's Miscellaneous Merchandise.
    25 | D        | Found a sacrificial altar of Ru.
    26 | D        | Found a shadowy altar of Dithmenos.
    26 | D        | Noticed Crazy Yiuf
    27 | D        | Found a radiant altar of Vehumet.
    28 | D        | Found Noklapte's Identification Station.
    28 | D        | Found a glowing golden altar of the Shining One.
    28 | D        | Found a shimmering altar of Xom.
    28 | D        | Found Xestuc's Delicious Food.
    29 | D        | Found Balosur's Advanced Armour.
    29 | D        | Found Fikk's Jewellery.
    54 | D        | Found an ancient bone altar of Kikubaaqudgha.
    56 | D        | Found a blossoming altar of Fedhas.
    56 | D        | Found a bloodstained altar of Trog.
    56 | D        | Found a corrupted altar of Lugonu.
    56 | D        | Found Peoku's Staff Store.
    56 | D        | Found Ofoe's Magic Scroll Shop.
    57 | D        | Found Qosmebi's Must-Have Magic.
    57 | D        | Found Opir's Magic Scroll Shop.
    60 | D        | Killed Crazy Yiuf
    60 | D        | Reached skill level 5 in Fire Magic
    60 | D        | Reached XP level 2. HP: 15/15 MP: 3/9
    60 | D        | Reached XP level 3. HP: 19/19 MP: 3/11
    85 | D        | Became a worshipper of Vehumet
    89 | D        | Reached skill level 5 in Spellcasting
   104 | D        | Reached skill level 5 in Conjurations
   104 | D        | Reached XP level 4. HP: 24/24 MP: 0/13
   166 | D        | Reached * piety under Vehumet
   166 | D        | Offered knowledge of Shock by Vehumet.
   166 | D        | Arena points: 12 (+12) [x2]
   209 | D        | Round 2.
   211 | D        | Learned a level 1 spell: Shock
   216 | D        | Learned a level 4 spell: Sticky Flame
   231 | D        | Noticed a water moccasin
   237 | D        | Learned a level 3 spell: Conjure Flame
   240 | D        | Killed a water moccasin
   240 | D        | Reached XP level 5. HP: 28/28 MP: 3/16
   243 | D        | Reached ** piety under Vehumet
   243 | D        | Offered knowledge of Searing Ray by Vehumet.
   350 | D        | Arena points: 54 (+42) [x3]
   373 | D        | Bought a +0 buckler for 54 gold pieces
   373 | D        | Bought a +0 troll leather armour for 180 gold pieces
   393 | D        | Round 3.
   409 | D        | Bought a shimmering steel ring for 45 gold pieces
   409 | D        | Identified the ring "Gitzoh" {*Corrode rElec rF+ Int+2} (You bought it in a shop in the Dungeon)
   422 | D        | Noticed an ogre
   447 | D        | Killed an ogre
   447 | D        | Offered knowledge of Throw Frost by Vehumet.
   447 | D        | Reached skill level 4 in Dodging
   447 | D        | Reached XP level 6. HP: 35/35 MP: 9/18
   456 | D        | Noticed a two-headed ogre
   456 | D        | Reached *** piety under Vehumet
   456 | D        | Reached skill level 5 in Dodging
   492 | D        | Killed a two-headed ogre
   492 | D        | Reached skill level 9 in Dodging
   492 | D        | Reached XP level 7. HP: 28/46 MP: 17/20
   492 | D        | Reached XP level 8. HP: 31/51 MP: 17/21
   524 | D        | Noticed an ogre mage
   543 | D        | Reached skill level 10 in Dodging
   561 | D        | Arena points: 72 (+18) [x1]
   562 | D        | Learned a level 5 spell: Fireball
   571 | D        | Round 4.
   596 | D        | Noticed Menkaure
   597 | D        | Killed Menkaure
   597 | D        | Reached **** piety under Vehumet
   597 | D        | Offered knowledge of Force Lance by Vehumet.
   692 | D        | Reached ***** piety under Vehumet
   692 | D        | Arena points: 128 (+56) [x2]
   733 | D        | Bought a crude crystal amulet for 45 gold pieces
   733 | D        | Bought a scorched zirconium amulet for 45 gold pieces
   740 | D        | Identified the amulet "Vak Jerch" {Harm *Drain rPois} (You bought it in a shop in the Dungeon)
   742 | D        | Identified the amulet of Plog {+Fly Regen+ Int-5 Slay+2 SInv} (You bought it in a shop in the Dungeon)
   746 | D        | Round 5.
   768 | D        | Offered knowledge of Airstrike by Vehumet.
   768 | D        | Reached skill level 11 in Dodging
   792 | D        | Noticed Aizul
   802 | D        | Killed from afar by Aizul

Vault maps used:
D:        arena_sprint

Skill      XL: |  1  2  3  4  5  6  7  8 |
---------------+-------------------------+-----
Spellcasting   | 4 5 7 |  7.5
Conjurations   | 4 5 8 |  8.3
Fire Magic     | 5 6 8 |  8.9
Fighting       | 2 6 7 |  7.7
Dodging        | 4 9 11 | 11.2
Shields        | 2 6 |  6.1
Stealth        | |  2.4

Action                   |  1- 3 |  4- 6 |  7- 9 || total
-------------------------+-------+-------+-------++-------
 Cast: Flame Tongue      |    16 |    18 |    29 ||    63
       Sticky Flame      |       |     7 |       ||     7
       Conjure Flame     |       |     4 |     4 ||     8
       Fireball          |       |       |     4 ||     4
       Shock             |       |       |     1 ||     1
Evoke: Wand              |       |       |     4 ||     4
  Use: Potion            |     2 |     1 |     3 ||     6
Armor: Robe              |       |     1 |       ||     1
       Troll leather arm |       |       |     1 ||     1
Dodge: Dodged            |     2 |     6 |     3 ||    11

Table legend:
 A = Spawn XP
 B = Non-spawn XP
 C = Spawn XP percentage of total XP
 D = Spawn monster count
 E = Non-spawn monster count
 F = Spawn count percentage of total count
 G = Total turns spent on level
                    A         B        C        D         E        F      G
               +---------+---------+-------+---------+---------+-------+---------
         Total |       0 |    2142 |   0.0 |       0 |      23 |   0.0 |   802
               +---------+---------+-------+---------+---------+-------+---------
             D |       0 |    2142 |   0.0 |       0 |      23 |   0.0 |   802
               +---------+---------+-------+---------+---------+-------+---------
